 Dungeon Crawl Stone Soup version 0.18.1-48-g4cf74bf (webtiles) character file.

61593 Gargoyl the Tortoise (level 14, -1/111 HPs)
             Began as a Demonspawn Abyssal Knight on June 30, 2016.
             Was the Champion of Lugonu.
             Slain by a halberd of venom (3 damage)
             ... on level 1 of the Elven Halls on July 1, 2016.
             The game lasted 00:54:28 (17596 turns).

Gargoyl the Tortoise (Demonspawn Abyssal Knight)   Turns: 17596, Time: 00:54:29

Health: -1/111     AC: 33    Str: 16 (19) XL:     14   Next: 61%
Magic:  13/17      EV:  3    Int: 17      God:    Lugonu [******]
Gold:   72         SH: 24    Dex: 14      Spells: 0 memorised, 13 levels left

rFire  + + .     SeeInvis +     Y - +8 broad axe of Truncation {flame, rPois}
rCold  + + +     Gourm    .     d - +5 plate armour "Beocw" {rPois Regen+}
rNeg   . . .     Faith    .     Q - +3 large shield
rPois  +         Spirit   .     (helmet restricted)
rElec  +         Dismiss  .     R - +2 cloak
rCorr  +         Reflect  +     t - +2 pair of gloves
SustAt .         Harm     .     (boots unavailable)
MR     ++...                    P - +6 amulet of reflection
Stlth  ..........               Z - ring "Deust" {rC+ MR+ Int+2}
                                W - ring "Yklafong" {rC+ Str+2 SInv}

@: lethally poisoned (-1 -> -5), resistant, very slightly contaminated, hasted,
heavily drained, very quick, very resistant to hostile enchantments, extremely
unstealthy
A: horns 1, talons 3, iridescent scales 2, blink, clever 1, deterioration 1,
fire resistance 1, spiny 3, wild magic 1, evolution 1
a: Blink, Depart the Abyss, Bend Space, Banish, Corrupt, Enter the Abyss, Brand
Weapon With Distortion, Renounce Religion


You were on level 1 of the Elven Halls.
You worshipped Lugonu.
Lugonu was exalted by your worship.
You were not hungry.

You visited 3 branches of the dungeon, and saw 18 of its levels.
You visited the Abyss 1 time.
You also visited: Labyrinth and Ice Cave.

You collected 1683 gold pieces.
You spent 1611 gold pieces at shops.

Inventory:

Hand Weapons
 a - a +1 hand axe
 e - the +5 whip of the Trees {flame, rC+ Str+2}
   (You found it on level 4 of the Dungeon)

   It has been specially enchanted to burn those struck by it, causing extra
   injury to most foes and up to half again as much damage against particularly
   susceptible opponents.
   It affects your strength (+2).
   It protects you from cold.
 j - a +2 war axe
 Y - the +8 broad axe of Truncation (weapon) {flame, rPois}
   (You bought it in a shop on level 14 of the Dungeon)

   It has been specially enchanted to burn those struck by it, causing extra
   injury to most foes and up to half again as much damage against particularly
   susceptible opponents.
   Big, fiery blades are also staple armaments of hydra-hunters.
   It protects you from poison.
Missiles
 V - 6 tomahawks (quivered)
Armour
 d - the +5 plate armour "Beocw" (worn) {rPois Regen+}
   (You found it on level 9 of the Dungeon)

   It protects you from poison.
   It increases your rate of regeneration.
 t - a +2 pair of gloves (worn)
 Q - a +3 large shield (worn)
 R - a +2 cloak (worn)
Jewellery
 r - an uncursed amulet of regeneration
 w - an uncursed ring of positive energy
 z - an uncursed ring of resist corrosion
 C - the amulet "Kepp" {+Rage rElec rF+}
   (You found it in a labyrinth)

   [amulet of rage]

   It protects you from fire.
   It insulates you from electricity.
   It lets you go berserk.
 K - an uncursed ring of poison resistance
 P - a +6 amulet of reflection (around neck)
 W - the ring "Yklafong" (left hand) {rC+ Str+2 SInv}
   (You bought it in a shop on level 12 of the Dungeon)

   [ring of see invisible]

   It affects your strength (+2).
   It protects you from cold.
   It lets you see invisible.
 Z - the ring "Deust" (right hand) {rC+ MR+ Int+2}
   (You found it on level 1 of the Elven Halls)

   [ring of protection from magic]

   It affects your intelligence (+2).
   It protects you from cold.
   It affects your resistance to hostile enchantments.
Wands
 i - a wand of teleportation (4/9)
 o - a wand of lightning (15/15)
 D - a wand of digging (21/24)
 T - a wand of teleportation (1/9)
Scrolls
 h - 6 scrolls of remove curse
 k - 2 scrolls of identify
 q - 3 scrolls of recharging
 u - 3 scrolls of enchant weapon
 G - a scroll of magic mapping
 I - 3 scrolls of teleportation
 J - 2 scrolls of fear
Potions
 g - 2 potions of cancellation
 m - 2 potions of haste
 n - 3 potions of might
 B - a potion of flight
Comestibles
 b - 4 beef jerkies
 c - 11 bread rations
 f - 2 slices of pizza
 p - 2 chunks of flesh
 L - 2 royal jellies
 N - 3 meat rations


   Skills:
 + Level 10.4(8.2) Fighting
 + Level 6.5(6.9) Axes
 + Level 9.6(8.2) Maces & Flails
 * Level 15.3(12.8) Armour
 + Level 5.1(3.1) Dodging
 + Level 1.8(0.0) Stealth
 + Level 9.1(6.9) Shields
 + Level 4.2(2.3) Invocations


You had 13 spell levels left.
You didn't know any spells.

Dungeon Overview and Level Annotations

Branches:
Dungeon (14/15)            Temple (0/1) D:4            Lair (0/8) D:8
    Orc (2/2) D:11            Elf (2/3) Orc:2        Vaults (0/5) D:14

Altars:
Ashenzari
Cheibriados
Dithmenos
Elyvilon
Fedhas
Kikubaaqudgha
Nemelex Xobeh
Trog
Vehumet
Beogh

Shops:
D:12 =   D:14 *([%   Orc:2 %:?([

Portals:
Trove: D:10 (give +2 storm dragon armour)


Innate Abilities, Weirdness & Mutations

You have claws for feet.
You are mostly covered in iridescent scales (AC +6).
Your flesh is heat resistant.
You are completely covered in sharp spines.
You have a pair of small horns on your head.
You can translocate small distances at will.
Your mind is acute. (Int +2)
Your body sometimes deteriorates upon taking damage.
Your spells are a little harder to cast, but a little more powerful.
You evolve.


Message History

The halberd of venom hits you but does no damage.
You are poisoned.
You slash the halberd of venom! You burn the halberd of venom.
The halberd of venom is heavily damaged.
You feel sick.
You block the halberd of venom's attack.
You miss the halberd of venom.
Your headbutt misses the halberd of venom.
The halberd of venom is heavily damaged.
The halberd of venom is struck by your spines.
The halberd of venom hits you!
* * * LOW HITPOINT WARNING * * *
You are lethally poisoned!
Drink which item? (? for menu, Esc to quit)
Okay, then.
Your shield and plate armour "Beocw" prevent you from hitting the halberd of venom.
The halberd of venom is heavily damaged.
* * * LOW HITPOINT WARNING * * *
You feel sick. The halberd of venom hits you.
You die...

*#.)##...................#
**,*#.)##.#.########.##..##
**,*##.!##..## *#.###.#
##,*##.##.....# **.## #.#
##.###.####...## **.#*
#.##### ..(..).......##
**.#* #......
.###.####.##..#####.#*
#.#..8.
###.##*#.###.......##
#......
....###.#**#....@(..#*
###+### .....#.#*
#..........# *,* .!..#.#*
#.........[# *** ####(##
##........## ##.##
#.......## ##.## *#...#####
#.## **.##.** (##
**.#*#.,** ## **,** *,*,**


You could see a halberd of venom.

Vanquished Creatures
  Agnes (Elf:1)
  Louise (Elf:2)
  2 blizzard demons (IceCv)
  Josephine (D:12)
  9 vault guards
  A minotaur (Lab)
  An ice dragon (Elf:1)
  2 hydras
  A dancing weapon (Elf:1)
  3 ogre magi (Orc:2)
  3 deep elf knights
  Nergalle (Orc:2)
  An unseen horror (D:11)
  A flayed ghost (D:9)
  10 hill giants
  A wolf spider zombie (D:13)
  2 deep elf archers (Elf:1)
  The ghost of Caphalor the Zephyrmancer, a novice TeAE of Vehumet (D:8)
  A manticore (D:12)
  2 cyclopes (D:11)
  15 deep elf magi
  An ugly thing (D:13)
  6 orc sorcerers (Orc:2)
  2 ice statues (IceCv)
  2 centaur zombies
  Psyche (D:10)
  3 gargoyles
  A komodo dragon (D:14)
  An efreet (D:13)
  A yaktaur (shapeshifter) (Elf:2)
  A tengu conjurer (D:13)
  A yaktaur (D:14)
  14 ice devils (IceCv)
  A wolf spider simulacrum (D:14)
  3 two-headed ogres
  A queen bee (D:8)
  2 trolls
  Grinder (D:6)
  3 slime creatures (D:14)
  A vampire (D:14)
  12 yaks
  2 wyverns
  3 wraiths (D:12)
  A hungry ghost (D:9)
  5 vampire mosquitoes
  A basilisk (D:13)
  A hippogriff (D:8)
  2 steam dragons
  4 wargs
  A mottled dragon (D:12)
  A soldier ant (D:10)
  10 orc warriors
  A water moccasin (D:13)
  2 ice beasts
  3 black bears
  A wasp (D:10)
  4 sky beasts
  2 necrophages
  2 phantoms
  2 wolves (Elf:1)
  8 ogres
  3 centaurs
  6 big kobolds
  A crocodile (D:12)
  10 giant frogs
  7 scorpions
  22 killer bees
  13 wights
  6 howler monkeys
  7 crimson imps
  4 giant frog zombies
  3 jellies
  A hound (D:6)
  9 orc priests
  26 orc wizards
  4 centaur skeletons
  4 giant frog skeletons
  3 iguanas
  12 worker ants
  A killer bee zombie (D:9)
  A hound zombie (D:10)
  3 worker ant zombies
  A gnoll (D:1)
  8 adders
  A howler monkey skeleton (D:9)
  4 shadow imps
  7 white imps (IceCv)
  6 ufetubi (IceCv)
  2 adder zombies
  2 adder skeletons (D:9)
  3 worms
  A dart slug (D:2)
  9 giant geckos
  64 orcs
  14 bats
  A giant cockroach (D:1)
  7 goblins
  7 hobgoblins
  10 jackals
  29 kobolds
  3 quokkas
  2 ball pythons
  8 giant newts
  A quokka skeleton (D:6)
  A quokka zombie (D:7)
  10 rats
  A fungus (D:8)
522 creatures vanquished.

Vanquished Creatures (others)
  3 deep elf archers (Elf:1)
  A deep elf mage (Elf:1)
  A polar bear (Elf:1)
  An air elemental (Elf:1)
  An orc warrior (Orc:1)
  A centaur (D:14)
  2 white imps (IceCv)
  2 ufetubi (IceCv)
  A quokka (D:10)
13 creatures vanquished.

Grand Total: 535 creatures vanquished

Notes
Turn   | Place    | Note
--------------------------------------------------------------
     0 | Abyss:1  | Gargoyl the Demonspawn Abyssal Knight began the quest for the Orb.
     0 | Abyss:1  | Reached XP level 1. HP: 18/18 MP: 2/2
    13 | Abyss:1  | Found a shattered altar of Ashenzari.
    43 | Abyss:1  | Found a corrupted altar of Lugonu.
    76 | Abyss:1  | Noticed a large abomination
    89 | Abyss:1  | Noticed an insubstantial wisp
    93 | Abyss:1  | Noticed a starcursed mass
    94 | D:1      | Escaped the Abyss
   411 | D:1      | Gained mutation: You are partially covered in sharp spines. [demonic ancestry]
   411 | D:1      | Reached XP level 2. HP: 24/24 MP: 3/3
   563 | D:1      | Reached * piety under Lugonu
   563 | D:1      | Reached skill level 2 in Armour
   563 | D:1      | Reached skill level 1 in Dodging
   905 | D:1      | Gained mutation: You are partially covered in iridescent scales (AC +4). [demonic ancestry]
   905 | D:1      | Reached XP level 3. HP: 29/30 MP: 4/4
  1425 | D:2      | Found a blossoming altar of Fedhas.
  1929 | D:2      | Reached XP level 4. HP: 35/37 MP: 6/6
  1980 | D:2      | Reached ** piety under Lugonu
  2110 | D:3      | Found a radiant altar of Vehumet.
  2557 | D:3      | Gained mutation: You have sharp toenails. [demonic ancestry]
  2557 | D:3      | Reached XP level 5. HP: 42/42 MP: 7/7
  2768 | D:4      | Reached skill level 3 in Armour
  2791 | D:4      | Reached *** piety under Lugonu
  2798 | D:4      | Got a fine whip
  2799 | D:4      | Identified the +5 whip of the Trees {flame, rC+ Str+2} (You found it on level 4 of the Dungeon)
  2912 | D:4      | Found a staircase to the Ecumenical Temple.
  3473 | D:4      | Gained mutation: You have razor-sharp toenails. [demonic ancestry]
  3473 | D:4      | Reached XP level 6. HP: 48/48 MP: 8/8
  3848 | D:4      | Reached skill level 4 in Armour
  4022 | D:4      | Reached skill level 1 in Maces & Flails
  4250 | D:4      | Gained mutation: You are mostly covered in sharp spines. [demonic ancestry]
  4250 | D:4      | Reached XP level 7. HP: 54/54 MP: 9/9
  4296 | D:5      | Entered Level 5 of the Dungeon
  4522 | D:5      | Found a bloodstained altar of Trog.
  4579 | D:5      | Reached skill level 5 in Armour
  4867 | D:5      | Found a shadowy altar of Dithmenos.
  5060 | D:6      | Noticed Grinder
  5072 | D:6      | Killed Grinder
  5125 | D:6      | Reached skill level 6 in Armour
  5125 | D:6      | Gained mutation: You are mostly covered in iridescent scales (AC +6). [demonic ancestry]
  5125 | D:6      | Reached XP level 8. HP: 61/61 MP: 10/10
  5247 | D:6      | Reached **** piety under Lugonu
  5257 | D:6      | Reached skill level 7 in Armour
  5513 | D:6      | Reached skill level 8 in Armour
  5917 | D:7      | Reached XP level 9. HP: 54/67 MP: 11/11
  6017 | D:7      | Found a white marble altar of Elyvilon.
  6691 | D:7      | Reached skill level 5 in Fighting
  6843 | D:8      | Found a staircase to the Lair.
  6873 | D:8      | Noticed Caphalor's ghost (novice TeAE)
  6910 | D:8      | Killed Caphalor's ghost
  6910 | D:8      | Reached skill level 9 in Armour
  7088 | D:8      | Found a shattered altar of Ashenzari.
  7192 | D:8      | Reached skill level 1 in Stealth
  7197 | D:8      | Reached ***** piety under Lugonu
  7226 | D:8      | Noticed a queen bee
  7235 | D:8      | Killed a queen bee
  7235 | D:8      | Reached skill level 10 in Armour
  7314 | D:8      | Reached skill level 5 in Maces & Flails
  7356 | D:8      | Gained mutation: Your flesh is heat resistant. [demonic ancestry]
  7356 | D:8      | Reached XP level 10. HP: 75/75 MP: 12/12
  7701 | D:8      | Found a sparkling altar of Nemelex Xobeh.
  7702 | D:8      | Found a snail-covered altar of Cheibriados.
  8234 | D:9      | Reached skill level 11 in Armour
  8910 | D:9      | Noticed a seven-headed hydra
  8922 | D:9      | Killed a seven-headed hydra
  9152 | D:9      | Noticed a flayed ghost
  9169 | D:9      | Killed a flayed ghost
  9212 | D:9      | Got a translucent plate armour
  9223 | D:9      | Identified the +5 plate armour "Beocw" {rPois Regen+} (You found it on level 9 of the Dungeon)
  9304 | D:10     | Entered Level 10 of the Dungeon
  9345 | D:10     | Reached XP level 11. HP: 54/83 MP: 13/13
  9415 | D:10     | Noticed a hill giant
  9426 | D:10     | Killed a hill giant
  9501 | D:10     | Found a white marble altar of Elyvilon.
  9535 | D:10     | Noticed a hill giant
  9547 | D:10     | Killed a hill giant
  9670 | D:10     | Noticed a hill giant
  9709 | D:10     | Killed a hill giant
  9709 | D:10     | Reached skill level 12 in Armour
  9786 | D:10     | Reached ****** piety under Lugonu
  9816 | D:10     | Noticed Psyche
  9821 | D:10     | Paralysed by Psyche for 4 turns
  9829 | D:10     | Killed Psyche
  9856 | D:10     | Noticed a vault guard
  9883 | D:10     | Killed a vault guard
  9904 | D:10     | Found a portal to a secret trove of treasure.
 10271 | D:10     | Noticed a hill giant
 10280 | D:10     | Killed a hill giant
 10298 | D:11     | Found a labyrinth entrance.
 10302 | Lab      | Entered a labyrinth
 10431 | Lab      | Noticed a minotaur
 10448 | Lab      | HP: 3/84 [minotaur (18)]
 10452 | Lab      | Killed a minotaur
 10476 | Lab      | Got a heavily runed golden amulet
 10523 | D:11     | Found a staircase to the Orcish Mines.
 10542 | D:11     | Noticed a hill giant
 10549 | D:11     | Noticed a hill giant
 10562 | D:11     | Killed a hill giant
 10567 | D:11     | Killed a hill giant
 11010 | D:11     | Reached skill level 13 in Armour
 11526 | D:12     | Noticed a hill giant
 11542 | D:12     | Killed a hill giant
 11542 | D:12     | Gained mutation: You are completely covered in sharp spines. [demonic ancestry]
 11542 | D:12     | Reached XP level 12. HP: 79/92 MP: 14/14
 11795 | D:12     | Noticed Josephine
 11812 | D:12     | Killed Josephine
 11974 | D:12     | Noticed a six-headed hydra
 11984 | D:12     | Killed a six-headed hydra
 11984 | D:12     | Reached skill level 1 in Shields
 12216 | D:12     | Found Jomugrel's Jewellery Shoppe.
 12229 | D:12     | Bought the ring "Yklafong" {rC+ Str+2 SInv} for 498 gold pieces
 12822 | D:13     | Reached skill level 14 in Armour
 12969 | D:13     | Gained mutation: You occasionally shout uncontrollably at your foes. [mutagenic meat]
 12970 | D:13     | Gained mutation: You are agile. (Dex +2) [mutagenic meat]
 13079 | D:13     | Identified the amulet "Kepp" {+Rage rElec rF+} (You found it in a labyrinth)
 13218 | D:13     | Gained mutation: Armour fits poorly on your strangely shaped body. [mutagenic meat]
 13246 | D:13     | Lost mutation: You are agile. (Dex +2) [potion of cure mutation]
 13246 | D:13     | Lost mutation: Armour fits poorly on your strangely shaped body. [potion of cure mutation]
 13246 | D:13     | Lost mutation: You occasionally shout uncontrollably at your foes. [potion of cure mutation]
 13247 | D:13     | Gained mutation: Your mind is acute. (Int +2) [potion of beneficial mutation]
 13286 | D:14     | Noticed a vault guard
 13286 | D:14     | Noticed a vault guard
 13286 | D:14     | Noticed a vault guard
 13287 | D:14     | Noticed a vault guard
 13287 | D:14     | Found a gate to the Vaults.
 13287 | D:14     | Noticed a vault guard
 13287 | D:14     | Noticed a vault guard
 13288 | D:14     | Noticed a vault guard
 13288 | D:14     | Noticed a vault guard
 13321 | D:14     | Killed a vault guard
 13348 | D:14     | Killed a vault guard
 13367 | D:14     | Killed a vault guard
 13393 | D:14     | Killed a vault guard
 13393 | D:14     | Reached XP level 13. HP: 100/100 MP: 15/15
 13414 | D:14     | Killed a vault guard
 13437 | D:14     | Killed a vault guard
 13437 | D:14     | Reached skill level 5 in Shields
 13455 | D:14     | Killed a vault guard
 13488 | D:14     | Killed a vault guard
 13667 | D:14     | Found Lanei's Weapon Shoppe.
 13687 | D:14     | Found Efeive's Assorted Antiques.
 13691 | D:14     | Bought a cloak for 121 gold pieces
 13972 | D:14     | Found Lugyic's Antique Armour Emporium.
 14013 | D:14     | Found Lomomirchom's Food Boutique.
 14250 | D:14     | Gained mutation: You evolve. [mutagenic meat]
 14251 | D:14     | Gained mutation: Your spells are a little harder to cast, but a little more powerful. [mutagenic meat]
 14252 | D:14     | Gained mutation: You can translocate small distances at will. [mutagenic meat]
 14253 | D:14     | Gained mutation: Your body sometimes deteriorates upon taking damage. [mutagenic meat]
 14386 | Orc:1    | Entered Level 1 of the Orcish Mines
 14667 | Orc:2    | Entered Level 2 of the Orcish Mines
 14977 | D:14     | Gained mutation: You have a pair of small horns on your head. [evolution]
 14987 | D:14     | Bought the +8 broad axe of Truncation {flame, rPois} for 817 gold pieces
 15090 | Orc:2    | Found a staircase to the Elven Halls.
 15258 | Orc:2    | Found Pircheid's Food Shoppe.
 15416 | Orc:2    | Paralysed by an orc sorcerer for 7 turns
 15490 | Orc:2    | Found an ancient bone altar of Kikubaaqudgha.
 15491 | Orc:2    | Noticed Nergalle
 15512 | Orc:2    | Killed Nergalle
 15521 | Orc:2    | Found Reutwov's Book Emporium.
 15523 | Orc:2    | Paralysed by an orc sorcerer for 6 turns
 15540 | Orc:2    | Found a radiant altar of Vehumet.
 15624 | Orc:2    | Found a roughly hewn altar of Beogh.
 15624 | Orc:2    | Found Caiwk's Magic Scroll Emporium.
 15628 | Orc:2    | Found Gotaf Fog's Antique Weapon Shoppe.
 15637 | Orc:2    | Paralysed by an orc sorcerer for 3 turns
 15658 | Orc:2    | Found Eleal's Antique Armour Shoppe.
 15674 | Orc:2    | Bought a scroll of enchant armour for 97 gold pieces
 15674 | Orc:2    | Bought a scroll of teleportation for 39 gold pieces
 15674 | Orc:2    | Bought a scroll of teleportation for 39 gold pieces
 15892 | Elf:1    | Entered Level 1 of the Elven Halls
 15979 | Elf:1    | Noticed Agnes
 15992 | Elf:1    | Killed Agnes
 15992 | Elf:1    | Reached skill level 5 in Axes
 15992 | Elf:1    | Gained mutation: You have claws for feet. [demonic ancestry]
 15992 | Elf:1    | Reached XP level 14. HP: 54/109 MP: 17/17
 16149 | Elf:1    | Got a vibrating iron ring
 16151 | Elf:1    | Identified the ring "Deust" {rC+ MR+ Int+2} (You found it on level 1 of the Elven Halls)
 16190 | Elf:1    | Reached skill level 15 in Armour
 16244 | Elf:1    | Found a frozen archway.
 16273 | Elf:1    | Reached skill level 5 in Dodging
 16287 | IceCv    | Entered an ice cave
 16523 | IceCv    | Reached skill level 10 in Fighting
 16868 | IceCv    | Got a fine demon whip
 16880 | IceCv    | Identified the +3 demon whip "Cicux" {drain, rC+++ MR- Int+6 Dex-5} (You found it in an ice cave)
 17041 | Elf:1    | Noticed Louise
 17555 | Elf:2    | Killed Louise
 17595 | Elf:1    | HP: 3/111 [halberd of venom (9)]
 17596 | Elf:1    | Slain by a halberd of venom

Skill      XL: |  1  2  3  4  5  6  7  8  9 10 11 12 13 14 |
---------------+-------------------------------------------+-----
Axes           | 2 3 5 6 |  6.5
Armour         | 2 3 4 6 8 10 11 13 14 15 | 15.3
Dodging        | 1 2 3 4 5 |  5.1
Fighting       | 4 5 6 8 9 10 | 10.4
Maces & Flails | 1 2 3 5 6 8 9 |  9.6
Stealth        | 1 |  1.8
Invocations    | 3 4 |  4.2
Shields        | 4 7 9 |  9.1

Action                   |  1- 3 |  4- 6 |  7- 9 | 10-12 | 13-15 || total
-------------------------+-------+-------+-------+-------+-------++-------
Melee: Hand axe          |    79 |    52 |       |       |       ||   131
       Whip              |       |    43 |   205 |   817 |   284 ||  1349
       Kick              |       |    20 |    55 |   281 |   235 ||   591
       Broad axe         |       |       |       |       |   388 ||   388
       Headbutt          |       |       |       |       |    82 ||    82
       War axe           |       |       |       |       |    18 ||    18
Invok: Depart the Abyss  |     1 |       |       |       |       ||     1
       Bend Space        |       |       |       |     1 |       ||     1
       Banish            |       |       |       |       |     4 ||     4
  Use: Scroll            |       |       |    14 |    14 |    12 ||    40
       Potion            |       |       |       |    15 |     7 ||    22
 Stab: Invisible         |       |       |       |     2 |       ||     2
  Eat: Chunk             |     3 |     3 |    10 |    15 |    10 ||    41
       Fruit             |       |     5 |       |     5 |     2 ||    12
       Meat ration       |       |       |       |     1 |       ||     1
       Royal jelly       |       |       |       |     2 |     3 ||     5
       Pizza             |       |       |       |       |     1 ||     1
Armor: Ring mail         |    46 |    17 |       |       |       ||    63
       Chain mail        |       |    17 |       |       |       ||    17
       Plate armour      |       |    19 |   117 |   425 |   342 ||   903
       Skin              |       |       |       |     2 |       ||     2
Dodge: Dodged            |    44 |    32 |    52 |   178 |    56 ||   362
Block: Large shield      |       |       |       |   216 |   853 ||  1069
       Reflection        |       |       |       |     2 |    66 ||    68
